 Seeded DCSS version 0.30.0-29-ga12c61a403 (webtiles) character file.

Game seed: 11503074835690135412 (custom seed)

4308 bmack86 the Severer (level 10, -1/77 HPs)
             Began as a Minotaur Fighter on June 6, 2023.
             Was an Initiate of Gozag.
             Killed from afar by a steam dragon (21 damage)
             ... with a ball of steam
             ... in a bailey.
             The game lasted 00:16:48 (4670 turns).

bmack86 the Severer (Minotaur Fighter)              Turns: 4670, Time: 00:16:49

Health: -1/77      AC: 11    Str: 24    XL:     10   Next: 11%
Magic:  9/9        EV:  9    Int:  5    God:    Gozag
Gold:   598        SH:  5    Dex: 17    Spells: 9/9 levels left

rFire   . . .        a - +0 war axe
rCold   . . .        c - +0 buckler
rNeg    . . .        b - +0 scale mail
rPois   .            (helmet restricted)
rElec   .            o - +2 cloak
rCorr   .            (no gloves)
SInv    .            e - +0 pair of boots
Will    .....        i - amulet of regeneration Stlth
                     h - +6 ring of dexterity
HPRegen 1.12/turn    (no ring)
MPRegen 0.11/turn

%: no passive effects
@: mighty
A: horns 2, retaliatory headbutt
a: Renounce Religion, Potion Petition, Call Merchant, Bribe Branch


You were in a bailey.
You worshipped Gozag.
Gozag was pleased with you.
You visited 2 branches of the dungeon, and saw 8 of its levels.
You also visited: Bailey.

You collected 653 gold pieces.
You paid 55 gold pieces to Gozag.

Inventory:

Hand Weapons
 a - a +0 war axe (weapon)
Missiles
 g - 7 boomerangs (quivered)
 t - 6 silver javelins
 z - a throwing net
Armour
 b - a +0 scale mail (worn)
 c - a +0 buckler (worn)
 e - a +0 pair of boots (worn)
 o - a +2 cloak (worn)
Jewellery
 h - a +6 ring of dexterity (left hand)
 i - an amulet of regeneration (around neck)
 k - an amulet of reflection
 q - a ring of ice
Wands
 B - a wand of roots (8)
Scrolls
 f - 4 scrolls of teleportation
 y - 2 scrolls of enchant armour {unknown}
 C - a scroll of enchant weapon {unknown}
Potions
 j - 4 potions of curing
 l - 3 potions of flight {unknown}
 m - a potion of lignification
 n - a potion of heal wounds
 r - 3 potions of attraction {unknown}
 s - 2 potions of degeneration {unknown}
 u - a potion of magic {unknown}
 x - a potion of mutation {unknown}
 A - a potion of ambrosia {unknown}


   Skills:
 - Level 3.6 Fighting
 + Level 17.2 Axes
 - Level 3.6 Armour
 - Level 3.6 Shields


You had 9 spell levels left.
You didn't know any spells.
Your spell library contained the following spells:

 Spells                   Type           Power      Damage    Failure   Level
 Stone Arrow              Conj/Erth      0%         3d7       99%         3
 Volatile Blastmotes      Fire/Tloc      0%         2d10      99%         3
 Animate Armour           Summ/Erth      0%         N/A       100%        4
 Fulminant Prism          Conj/Hex       0%         3d5       100%        4
 Iskenderun's Mystic Bla  Conj/Tloc      0%         2d3       100%        4
 Summon Ice Beast         Ice/Summ       0%         N/A       100%        4
 Lee's Rapid Deconstruct  Erth           0%         3d4*      100%        5
 Metabolic Englaciation   Hex/Ice        0%         N/A       100%        5
 Conjure Ball Lightning   Conj/Air       0%         3x3d6     100%        6
 Ozocubu's Refrigeration  Ice            0%         4d7       100%        7
 Discord                  Hex            0%         N/A       100%        8
 Disjunction              Tloc           0%         N/A       100%        8
 Lehudib's Crystal Spear  Conj/Erth      0%         10d2      100%        8


Dungeon Overview and Level Annotations

Branches:
Dungeon (7/15)             Temple (1/1) D:5          Bailey (1/1)

Altars:
Ashenzari
Cheibriados
Elyvilon
Fedhas
Gozag
Hepliaklqana
Kikubaaqudgha
Makhleb
Nemelex Xobeh
Okawaru
Qazlal
Ru
Sif Muna
Trog
Uskayaw
Vehumet
Wu Jian
Xom
Yredelemnul
Zin
The Shining One

Shops:
D:1 :   D:3 =   D:6 [*?:(


Innate Abilities, Weirdness & Mutations

You have a pair of horns on your head.
You reflexively headbutt those who attack you in melee.


Message History

The steam dragon breathes steam at you. The ball of steam misses you.
You hear two shouts!
Unknown command.
A two-headed ogre comes into view.
It is wielding a +0 glaive and a +0 halberd.
You are engulfed in a cloud of scalding steam.
The steam dragon breathes steam at you. The ball of steam hits you!
The two-headed ogre moves out of view.
A spriggan comes into view. It is wielding a +0 trident.
You are engulfed in a cloud of scalding steam.
The spriggan shouts!
The steam dragon breathes steam at you. The ball of steam hits you.
The spriggan moves out of view.
A spriggan comes into view. It is wielding a +0 spear of venom.
The spriggan moves out of view.
You are engulfed in a cloud of scalding steam.
You block the steam dragon's attack.
The steam dragon claws you but does no damage.
The two-headed ogre is engulfed in a cloud of scalding steam.
The two-headed ogre hits you from afar with a +0 glaive!
The two-headed ogre barely misses you.
You hit the steam dragon.
The steam dragon is lightly wounded.
The two-headed ogre hits you from afar with a +0 glaive!
The two-headed ogre hits you but does no damage.
The steam dragon bites you. The steam dragon barely misses you.
You closely miss the steam dragon. You headbutt the steam dragon!
The steam dragon is moderately wounded.
You hit the steam dragon.
The steam dragon is heavily wounded.
The two-headed ogre barely misses you.
The two-headed ogre hits you from afar with a +0 halberd!
* * * LOW HITPOINT WARNING * * *
You block the steam dragon's attack.
The steam dragon claws you but does no damage.
You feel very mighty all of a sudden. The steam dragon breathes steam at you.
The ball of steam hits you!!
You die...
Your body crumbles into a pile of gold.

##..#####♣#).##
##..#♣ ..#♣))##
##..♣♣ . ##).##
#).#♣ . #...#
~..# ♣.♣...#
~..♣ ♣.#~..#
~..♣ ♣iO~..#
~..# ♣.#~D.#
~..♣ ♣.#.@.#
#..# . #...#
##..♣ i #..##
#..# .. ..##
#.. ..# ..# ..#
###


You could see a two-headed ogre, a steam dragon (catching breath) and a
spriggan.

Vanquished Creatures
  Pikel (D:5)
  Grinder (D:4)
  Sigmund (D:6)
  Eustachio (D:6)
  3 spriggans (Bailey)
  A steam dragon (D:7)
  Duvessa (D:4)
  3 ice beasts (D:6)
  11 ogres
  4 centaurs
  A lemure (D:5)
  A phantom (D:5)
  2 bullfrogs (D:6)
  2 scorpions
  Dowan (D:4)
  4 wights (D:4)
  A howler monkey (D:4)
  5 jellies
  5 hounds
  An orc priest (D:5)
  Crazy Yiuf (D:6)
  An orc wizard (D:5)
  2 iguanas (D:6)
  3 adders
  A white imp (D:5)
  An ufetubus (D:6)
  A dart slug (D:4)
  10 orcs
  6 endoplasms
  6 giant cockroaches
  9 goblins
  7 hobgoblins
  3 jackals (D:5)
  8 kobolds
  2 quokkas
  6 ball pythons
  2 bats
  3 frilled lizards
  5 rats
127 creatures vanquished.

Notes
Turn   | Place    | Note
-------+----------+-------------------------------------------
     0 | D:1      | bmack86 the Minotaur Fighter began the quest for the Orb.
     0 | D:1      | Reached XP level 1. HP: 19/19 MP: 0/0
    45 | D:1      | Found Hiuc's Book Boutique.
   131 | D:1      | Reached skill level 3 in Axes
   232 | D:1      | Reached XP level 2. HP: 25/26 MP: 1/1
   563 | D:1      | Reached skill level 4 in Axes
  1185 | D:2      | Reached XP level 3. HP: 31/31 MP: 2/2
  1205 | D:2      | Identified the +0 leather armour "Pouzaor" {rCorr MP+9}
  1649 | D:3      | Found Vamowor's Jewellery Shoppe.
  1759 | D:3      | Reached skill level 5 in Axes
  2005 | D:3      | You fall into a shaft and drop 3 floors!
  2010 | D:6      | Found Anesuf's Weapon Shoppe.
  2011 | D:6      | Found Pefaan's Book Boutique.
  2013 | D:6      | Noticed an ice beast
  2025 | D:6      | Killed an ice beast
  2026 | D:6      | Reached skill level 6 in Axes
  2026 | D:6      | Reached XP level 4. HP: 25/39 MP: 3/3
  2026 | D:6      | Reached XP level 5. HP: 29/45 MP: 4/4
  2066 | D:6      | Found Asmaxor's Magic Scroll Shop.
  2066 | D:6      | Noticed Eustachio
  2083 | D:6      | Killed Eustachio
  2084 | D:6      | Reached skill level 8 in Axes
  2084 | D:6      | Reached XP level 6. HP: 51/51 MP: 5/5
  2098 | D:6      | Noticed an ice beast
  2106 | D:6      | Killed an ice beast
  2218 | D:6      | Reached skill level 9 in Axes
  2218 | D:6      | Reached XP level 7. HP: 34/57 MP: 6/6
  2251 | D:6      | Found Ceogi's Assorted Antiques.
  2348 | D:6      | Found Uhuh's Antique Armour Shop.
  2360 | D:6      | Found a hazy altar of Hepliaklqana.
  2388 | D:6      | Reached skill level 10 in Axes
  2418 | D:6      | Noticed Sigmund
  2438 | D:6      | Killed Sigmund
  2439 | D:6      | Reached skill level 11 in Axes
  2439 | D:6      | Reached XP level 8. HP: 31/64 MP: 7/7
  2616 | D:6      | Found a runed translucent door.
  2617 | D:6      | Noticed Crazy Yiuf
  2623 | D:6      | Killed Crazy Yiuf
  2684 | D:5      | Entered Level 5 of the Dungeon
  2711 | D:5      | Reached skill level 12 in Axes
  2724 | D:5      | Found a staircase to the Ecumenical Temple.
  2733 | D:5      | Noticed Pikel
  2741 | D:5      | Killed Pikel
  2742 | D:5      | Reached skill level 13 in Axes
  2808 | D:5      | HP: 2/64 [ogre/+0 giant club (22)]
  2984 | D:5      | Found a shimmering blue altar of Sif Muna.
  3003 | D:5      | Found an opulent altar of Gozag.
  3012 | D:5      | Found a blossoming altar of Fedhas.
  3015 | D:5      | Became a worshipper of Gozag Ym Sagoz the Greedy
  3018 | D:5      | Reached skill level 14 in Axes
  3018 | D:5      | Reached XP level 9. HP: 70/70 MP: 8/8
  3220 | D:5      | Got Sif Muna's Incunable of Cleavage and Rime
  3459 | D:4      | Noticed Duvessa
  3460 | D:4      | Noticed Dowan
  3470 | D:4      | Killed Duvessa
  3471 | D:4      | Killed Dowan
  3720 | D:4      | Reached skill level 15 in Axes
  3729 | D:4      | Noticed Grinder
  3736 | D:4      | Paralysed by Grinder for 3 turns
  3742 | D:4      | Killed Grinder
  3764 | D:4      | Identified the +6 whip of Lust {drain, *Corrode rPois SInv}
  4215 | Temple   | Entered the Ecumenical Temple
  4465 | D:7      | Found a flagged portal.
  4473 | D:7      | Reached skill level 16 in Axes
  4512 | Bailey   | Entered a bailey
  4574 | Bailey   | Reached XP level 10. HP: 53/77 MP: 9/9
  4584 | Bailey   | Reached skill level 17 in Axes
  4661 | Bailey   | Noticed a two-headed ogre
  4670 | Bailey   | Killed from afar by a steam dragon

Illustrated notes

Levels and vault maps discovered:
D:1:      dpeg_arrival_simpleton_c, layout_basic, serial_shops, shop
D:2:      layout_basic, small_statue_intersection, kennysheep_generic_room_12
D:3:      layout_rooms, serial_shops, nicolae_shop_trees
D:4:      layout_loops_ring, uniq_grinder, uniq_duvessa
D:5:      layout_rooms, gammafunk_temple_overflow_forgotten,
          minmay_temple_entry_ruins, uniq_pikel
D:6:      layout_rooms, lemuel_round_altar, serial_shops, shop, shop,
          nicolae_diamond_shop, nicolae_shop_hallway_stairs, shop,
          uniq_crazy_yiuf_cottage, uniq_sigmund, uniq_eustachio
D:7:      layout_loops_corners, gammafunk_ghost_nasty_kobolds, enter_bailey_5
Temple:   bh_familiar_temple
Bailey:   bailey_polearm_enchanted_keep_hellmonk, bailey

Skill      XL: |  1  2  3  4  5  6  7  8  9 10 |
---------------+-------------------------------+-----
Axes           | 3 4 6 8 9 11 14 16 17 | 17.2
Fighting       | |  3.6
Armour         | |  3.6
Shields        | |  3.6

Action                     |  1- 3 |  4- 6 |  7- 9 | 10-12 || total
---------------------------+-------+-------+-------+-------++-------
  Melee: War axe           |    87 |    28 |   204 |    19 ||   338
         Headbutt          |    14 |     6 |    55 |     4 ||    79
  Throw: Boomerang         |       |       |    10 |       ||    10
    Use: Scroll            |     4 |       |     4 |       ||     8
         Potion            |       |       |     1 |     1 ||     2
   Stab: Distracted        |       |       |     1 |       ||     1
 Armour: Scale mail        |    49 |    12 |    85 |     8 ||   154
  Dodge: Dodged            |    41 |    16 |    65 |    10 ||   132
  Block: Buckler           |    19 |     6 |    58 |     6 ||    89
